 Dungeon Crawl Stone Soup version 0.32-a0-842-gbbb8fdb (webtiles) character file.

Game seed: 5486359273746327126

813 PublicAnimeNo1 the Charlatan (level 7, -4/56 HPs)
             Began as a Coglin Artificer on Mar 26, 2024.
             Was a Believer of the Shining One.
             Splashed by a jelly's acid (8 damage)
             ... on level 4 of the Dungeon.
             The game lasted 00:06:29 (3033 turns).

PublicAnimeNo1 the Charlatan (Coglin Artificer)     Turns: 3033, Time: 00:06:30

Health: -4/56      AC:  2    Str: 12    XL:     7   Next: 93%
Magic:  7/7        EV:  9    Int: 11    God:    the Shining One [**....]
Gold:   172        SH:  0    Dex: 16    Spells: 6/6 levels left

rFire   . . .        n - +0 war axe {Juwon}
rCold   . . .        A - +0 hand axe (venom) {Khenut}
rNeg    + . .        B - +2 ring mail {Will+}
rPois   .            (no helmet)
rElec   .            (no cloak)
rCorr   .            z - +2 pair of gloves
SInv    .            (no boots)
Will    +....        (amulet unavailable)
Stlth   +            (ring unavailable)
HPRegen 0.29/turn    (ring unavailable)
MPRegen 0.10/turn    (no gizmo)

%: no passive effects
@: corroded, glowing, revved
A: off-hand wielding, slow wielding, warmup strikes, no jewellery
a: Invent Gizmo, Renounce Religion, Divine Shield


You were on level 4 of the Dungeon.
You worshipped the Shining One.
The Shining One was pleased with you.
You visited 1 branch of the dungeon, and saw 4 of its levels.

You collected 215 gold pieces.
You spent 43 gold pieces at shops.

Inventory:

Hand Weapons
 n - a +0 war axe (weapon) {Juwon}
 r - a +0 rapier {Carmen}
 t - a +0 short sword {Paloma}
 A - a +0 hand axe of venom (offhand) {Khenut}
Armour
 z - a +2 pair of gloves (worn)
 B - a +2 ring mail of willpower (worn)
Wands
 c - a wand of flame (5) (quivered)
 d - a wand of charming (14)
 e - a wand of iceblast (3)
Scrolls
 a - a scroll of teleportation
 b - 2 scrolls of identify {unknown}
 f - a scroll of butterflies {unknown}
 h - 2 scrolls of silence
 i - a scroll of fear
 j - a scroll of fog {unknown}
 k - a scroll of poison {unknown}
 q - a scroll of enchant weapon {unknown}
 s - a scroll of vulnerability {unknown}
 v - a scroll of brand weapon {unknown}
 x - a scroll of noise {unknown}
 y - a scroll of immolation {unknown}
 C - a scroll of enchant armour {unknown}
Potions
 g - 3 potions of brilliance {unknown}
 l - 2 potions of lignification {unknown}
 m - a potion of invisibility {unknown}
 o - a potion of might
 p - 2 potions of haste {unknown}
 u - a potion of heal wounds {unknown}
 w - a potion of mutation {unknown}


   Skills:
 + Level 5.0 Fighting
 - Level 1.7 Armour
 - Level 0.8 Dodging
 + Level 4.4 Stealth
 + Level 7.6 Evocations


You had 6 spell levels left.
You didn't know any spells.
Your spell library contained the following spells:

 Spells                   Type           Power      Damage    Failure   Level
 Sublimation of Blood     Necr           0%         N/A       75%         2
 Petrify                  Alch/Erth      0%         N/A       100%        4
 Irradiate                Conj/Alch      0%         3d11      100%        5


Dungeon Overview and Level Annotations

Branches:
Dungeon (4/15)
 Temple: D:4-7

Altars:
The Shining One

Shops:
D:2 *


Innate Abilities, Weirdness & Mutations

You can wield a second weapon in your off-hand.
It takes a long time for you to wield or remove held weapons.
Your first few attacks do less damage.
You cannot equip rings or amulets.


Message History

You slash the black bear with your +0 war axe!
You kill the black bear!
No target in view!
You see here a black bear corpse.
You open the door.
A jelly comes into view.
There are monsters nearby!
You slash the jelly with your +0 hand axe of venom!
Your graspers burn!
The jelly is moderately wounded.
You hit the jelly but do no damage.
Your graspers burn!
The jelly hits you.
You are splashed with acid.
The jelly hits you but does no damage.
You slash the jelly with your +0 war axe!
Your graspers burn!
The jelly is almost dead.
You hit the jelly with your +0 hand axe of venom.
You kill the jelly!
Your Fighting skill increases to level 5!
You hit the jelly with your +0 war axe.
Your graspers burn!
The jelly is moderately wounded.
You hit the jelly with your +0 hand axe of venom.
Your graspers burn!
The jelly closely misses you.
You are too injured to fight recklessly!
You hit the jelly with your +0 war axe. The acid corrodes you!
Your graspers burn!
The jelly is severely wounded.
You hit the jelly with your +0 hand axe of venom.
Your graspers burn!
The jelly hits you.
You are splashed with acid!
The jelly jiggles.
The jelly hits you. The acid corrodes you!
You are splashed with acid!
* * * LOW HITPOINT WARNING * * *
You hit the jelly but do no damage.
Your graspers burn!
* * * LOW HITPOINT WARNING * * *
The jelly is almost dead.
You hit the jelly but do no damage.
Your graspers burn!
* * * LOW HITPOINT WARNING * * *
The jelly hits you.
* * * LOW HITPOINT WARNING * * *
You are splashed with acid!
You die...

##.....#
#..........##.......##
.#...###
#..........###....###
....## ##.........#
###### ##.##
#######.......#
##..#####.....######..#
#.......#.#.#.)....#..#
##.....##..#..#.##.#..#
# ###.####.#.#.#†##.#..#
## ##.###..†..#.@..#..#
###.
##..##'#######J##..#
##..#
##..##......#J.w#...#
##..##
###....#.#..#.#.#.#...##
##..## .......#..##..#
..#....####..##
.......#..##..#
######......##
.......#.#..#.#..+|#
####..######
.......#......#..##
##.###...
.......#.#########
#.##....


You could see a ribbon worm and a jelly.

Vanquished Creatures
  A black bear (D:4)
  A phantom (D:4)
  A bullfrog (D:4)
  3 scorpions (D:4)
  A jelly (D:4)
  A bombardier beetle (D:3)
  A gnoll bouda (D:4)
  Terence (D:2)
  2 iguanas
  2 sleepcaps (D:4)
  An orc wizard (D:3)
  2 adders
  6 gnolls (D:4)
  4 dart slugs
  A ribbon worm (D:3)
  10 orcs
  8 bats
  7 endoplasms
  4 giant cockroaches
  4 goblins
  8 hobgoblins
  5 kobolds
  3 quokkas
  6 ball pythons
  2 frilled lizards
  4 rats
89 creatures vanquished.

Vanquished Creatures (others)
  A gnoll (D:4)
1 creature vanquished.

Grand Total: 90 creatures vanquished

Notes
Turn   | Place    | Note
-------+----------+-------------------------------------------
     0 | D:1      | PublicAnimeNo1 the Coglin Artificer began the quest for the
                  | Orb.
     0 | D:1      | Reached XP level 1. HP: 15/15 MP: 1/1
    91 | D:1      | Reached skill level 1 in Stealth
   100 | D:1      | Reached XP level 2. HP: 20/21 MP: 2/2
   509 | D:2      | Found a faded altar of an unknown god.
   527 | D:2      | Prayed at the altar of an unknown god.
   527 | D:2      | Became a worshipper of the Shining One
   527 | D:2      | Reached * piety under the Shining One
   549 | D:2      | Noticed Terence
   557 | D:2      | Killed Terence
   558 | D:2      | Reached XP level 3. HP: 17/27 MP: 3/3
   728 | D:2      | Reached XP level 4. HP: 31/33 MP: 4/4
   749 | D:2      | Found the +18 Lear's hauberk
   777 | D:2      | Reached skill level 5 in Evocations
   819 | D:2      | Found Zeffog's Assorted Antiques.
   826 | D:2      | Bought a bubbling purple potion for 13 gold pieces
   826 | D:2      | Bought a scroll labelled GOIBBA JIRRIPT for 15 gold pieces
   826 | D:2      | Bought a scroll labelled ILOAGR XECZOSY for 15 gold pieces
  1110 | D:3      | Reached XP level 5. HP: 36/39 MP: 5/5
  1665 | D:3      | HP: 2/41 [iguana (7)]
  2122 | D:4      | Reached XP level 6. HP: 31/47 MP: 6/6
  2205 | D:4      | Reached skill level 6 in Evocations
  2320 | D:4      | Reached ** piety under the Shining One
  2595 | D:4      | Reached XP level 7. HP: 54/54 MP: 7/7
  2837 | D:4      | Reached skill level 7 in Evocations
  3031 | D:4      | Reached skill level 5 in Fighting
  3033 | D:4      | Splashed by a jelly's acid

Illustrated notes

Levels and vault maps discovered:
D:1:      minmay_arrival_five_plusses, layout_basic, amcnicky_mini_pool_small
D:2:      layout_basic, shapermc_ecumenical_altar_venn, serial_shops,
          nicolae_shop_rolling_square, uniq_terence
D:3:      layout_loops_cross
D:4:      minmay_clustersquares, layout_cave_pods, st_stairs_5

Skill      XL: |  1  2  3  4  5  6  7 |
---------------+----------------------+-----
Stealth        | 1 2 3 4 |  4.4
Fighting       | 2 3 4 5 |  5.0
Evocations     | 5 6 7 |  7.6
Armour         | |  1.7
Dodging        | |  0.8

Action                     |  1- 3 |  4- 6 |  7- 9 || total
---------------------------+-------+-------+-------++-------
  Melee: Club              |    13 |       |       ||    13
         Dagger            |    55 |     4 |       ||    59
         Rapier            |    24 |    79 |       ||   103
         Short sword       |       |    46 |       ||    46
         Hand axe          |       |    32 |    32 ||    64
         War axe           |       |     6 |    32 ||    38
  Evoke: Wand              |     3 |     9 |     1 ||    13
    Use: Scroll            |       |     3 |       ||     3
         Potion            |       |     1 |       ||     1
   Stab: Sleeping          |     2 |       |       ||     2
 Armour: Leather armour    |    10 |       |       ||    10
         Ring mail         |    20 |    66 |    27 ||   113
  Dodge: Dodged            |    26 |    37 |    28 ||    91

Table legend: (Time is in decaauts)
 A = Elapsed time spent in this place.
 B = Non-inter-level travel time spent in this place.
 C = Inter-level travel time spent in this place.
 D = Time resting spent in this place.
 E = Time spent auto-exploring this place.
 F = Levels seen in this place.
 G = Mean time per level.
                   A        B        C        D        E       F      G
               +--------+--------+--------+--------+--------+-----+--------+
         Total |   3066 |   2981 |     85 |    401 |   1913 |   4 |  766.5 |
       Dungeon |   3066 |   2981 |     85 |    401 |   1913 |   4 |  766.5 |
               +--------+--------+--------+--------+--------+-----+--------+

Top non-repeatable levels by time:
     D:3: 1102 daAuts
     D:4: 936 daAuts
     D:2: 568 daAuts
     D:1: 458 daAuts
